 Dungeon Crawl Stone Soup version 0.18.1-48-g4cf74bf (webtiles) character file.

43 Rannekk the Grave Robber (level 3, 0/24 HPs)
             Began as a Human Necromancer on Sept 11, 2016.
             Killed by miscasting Regeneration (11 damage)
             ... on level 4 of the Dungeon.
             The game lasted 00:17:38 (2189 turns).

Rannekk the Grave Robber (Human Necromancer)        Turns: 2189, Time: 00:17:39

Health: 0/24       AC:  8    Str:  8    XL:     3   Next: 82%
Magic:  2/7        EV:  8    Int: 16    God:
Gold:   151        SH:  0    Dex: 13    Spells: 3 memorised, 2 levels left

rFire  x . .     SeeInvis .     e - +0 whip
rCold  + . .     Gourm    .     k - +0 scale mail
rNeg   . . .     Faith    .     (no shield)
rPois  .         Spirit   .     m - +2 hat
rElec  .         Dismiss  .     (no cloak)
rCorr  .         Reflect  .     (no gloves)
SustAt .         Harm     .     (no boots)
MR     .....                    (no amulet)
Stlth  +.........               (no ring)
                                r - ring of ice

@: very slightly contaminated, not resistant to hostile enchantments, very
unstealthy
A: no striking features
a: no special abilities


You were on level 4 of the Dungeon.
You were not hungry.

You visited 1 branch of the dungeon, and saw 3 of its levels.

You collected 151 gold pieces.

Inventory:

Hand Weapons
 e - a +0 whip (weapon)
 g - a +0 dagger
 p - a +0 short sword
Armour
 a - a +0 robe
 d - a +0 robe
 f - a +0 leather armour
 k - a +0 scale mail (worn)
 m - a +2 hat (worn)
Jewellery
 r - a ring of ice (left hand)
Scrolls
 h - a scroll of recharging {unknown}
 j - a scroll of enchant weapon {unknown}
 l - 3 scrolls of identify {unknown}
 s - a scroll of remove curse {unknown}
Potions
 i - a potion of might {unknown}
 n - a potion of cancellation {unknown}
 t - a potion of ambrosia {unknown}
Books
 b - a book of Necromancy

   Spells                             Type                      Level
   a - Pain                           Necromancy                   1
   b - Animate Skeleton               Necromancy                   1
   c - Vampiric Draining              Necromancy                   3
   d - Regeneration                   Charms/Necromancy            3
   e - Animate Dead                   Necromancy                   4
   f - Control Undead                 Necromancy                   4
Comestibles
 c - 3 bread rations
 o - a royal jelly
 q - a beef jerky
 u - a chunk of flesh


   Skills:
 + Level 2.0 Dodging
 + Level 2.1 Stealth
 + Level 2.6 Spellcasting
 + Level 4.6 Necromancy


You had 2 spell levels left.
You knew the following spells:

 Your Spells              Type           Power        Failure   Level  Hunger
a - Pain                  Necr           ###.         34%         1    #......
b - Animate Skeleton      Necr           N/A          34%         1    #......
c - Regeneration          Chrm/Necr      #.........   99%         3    ###....


Dungeon Overview and Level Annotations

Branches:
Dungeon (2/15)

Altars:


Message History

You closely miss the phantom.
The phantom is moderately damaged.
The phantom hits you but does no damage.
The phantom hits you.
You barely miss the phantom.
The phantom is moderately damaged.
The phantom hits you but does no damage.
You hit the phantom.
The phantom is moderately damaged.
The phantom hits you.
You hit the phantom but do no damage.
The phantom is moderately damaged.
The phantom blinks!
Casting: Regeneration
Confirm with . or Enter, or press ? or * to list all spells.
The spell is very dangerous to cast!
Continue anyway?
Uppercase [Y]es or [N]o only, please.
The spell is very dangerous to cast!
Continue anyway?
You miscast Regeneration.
Pain shoots through your body!
You die...

#.# ###.# #.... #.#.#
######.#.### ...........
.......?.##################
...............@..W.......#
##......##############....###
#......# #......###. +......#
#...)....#. #......#
#........#. #......#
#........#. #......#
######..## #......# #...#
#......# ###.#.##


You could see a phantom.

Vanquished Creatures
  2 worms (D:2)
  A dart slug (D:1)
  A giant gecko (D:1)
  2 ball pythons (D:2)
  3 giant cockroaches
  4 hobgoblins (D:1)
  4 jackals
  4 bats
  A giant newt (D:4)
  4 goblins
  3 kobolds
  5 rats
34 creatures vanquished.

Notes
Turn   | Place    | Note
--------------------------------------------------------------
     0 | D:1      | Rannekk the Human Necromancer began the quest for the Orb.
     0 | D:1      | Reached XP level 1. HP: 13/13 MP: 3/3
    25 | D:1      | Learned a level 1 spell: Animate Skeleton
   291 | D:1      | Reached XP level 2. HP: 15/19 MP: 0/5
   915 | D:1      | Reached XP level 3. HP: 20/24 MP: 1/6
  2049 | D:2      | You fall through a shaft for 2 floors!
  2155 | D:4      | Noticed a phantom
  2177 | D:4      | Learned a level 3 spell: Regeneration
  2189 | D:4      | Killed by miscasting Regeneration

Action                   || total
-------------------------++-------
Melee: Whip              ||    24
 Cast: Pain              ||    64
       Animate Skeleton  ||     8
  Use: Scroll            ||     1
       Potion            ||     1
  Eat: Meat ration       ||     1
       Chunk             ||     1
Armor: Robe              ||     9
       Scale mail        ||     4
Dodge: Dodged            ||    21
